Map: Prion Terraces

Players

БольшойБОСС - Winner!

  • Race: Terran Terran
  • League: Grandmaster

Voltz

  • Race: Zerg Zerg

Event: Gauntlet LotV Series 1 Qualifier 2

VOD

Have the link to the VOD?

Description

Time

  • Played on: Dec. 5, 2015, 2:44 p.m.
  • Length: 3:39

All games in this series

Show
View Real Time Build Order
Export as new Build Order

БольшойБОСС Terran - Winner!

Build Orders:  

Get SALT Encoding   

  12  0:29  Supply Depot  
  12  0:55  Barracks  
  12  0:56  Barracks  
  12  1:01  SCV  
  13  1:12  Barracks  
  13  1:14  SCV  
  14  1:31  Supply Depot  
  14  1:42  Marine x2  
  14  1:43  Orbital Command  
  16  1:59  Marine  
  16  2:00  Marine x2  
  19  2:15  Bunker  
  19  2:17  Marine  
  19  2:18  Marine x2  
  22  2:35  Marine  
  22  2:36  Marine x2  
  25  2:53  Marine x2  
  25  2:54  Marine  
  19  3:06  SCV  
  19  3:10  Marine  
  19  3:11  Marine x2  
Show
View Real Time Build Order
Export as new Build Order

Voltz Zerg 

Build Orders: Hatch First 

Get SALT Encoding   

  12  0:01  Drone  
  13  0:12  Overlord  
  13  0:17  Drone  
  14  0:30  Drone x2  
  14  0:34  Drone  
  17  0:51  Hatchery  
  17  0:54  Drone  
  17  0:57  Drone  
  18  1:08  Extractor  
  17  1:12  Spawning Pool  
  17  1:15  Drone  
  17  1:18  Drone  
  18  1:30  Drone  
  19  1:38  Drone  
  20  1:49  Overlord  
  20  1:59  Queen  
  22  2:03  Zergling x4, Queen  
  26  2:09  Metabolic Boost  
  26  2:11  Drone  
  26  2:14  Drone  
  28  2:22  Drone  
  29  2:28  Spine Crawler  
  28  2:30  Zergling x2  
  28  2:31  Spine Crawler  
  28  2:33  Zergling x2  
  29  2:38  Zergling x2  
  29  2:43  Zergling x2  
  30  2:46  Zergling x2  
  27  2:54  Zergling x2  
  27  2:57  Zergling x2  
  24  3:04  Zergling x2  
  18  3:14  Zergling x2  
Tags
 
Add a new tag
Caveats
  • Supply blocks, unpowered buildings, or Contaminate may cause inaccurate times.
  • Supply counts are checked every 10 seconds.